 Dungeon Crawl Stone Soup version 0.31-a0-364-gb59cdcccf2 (webtiles) character file.

Game seed: 10726779126974031172

38 floatRand the Grasshopper (level 3, 3/37 HPs)
             Began as an Ogre Warper on July 27, 2023.
             Quit the game on level 2 of the Dungeon.
             The game lasted 00:02:48 (1468 turns).

floatRand the Grasshopper (Ogre Warper)             Turns: 1468, Time: 00:02:49

Health: 3/37       AC:  3    Str: 15    XL:     3   Next: 43%
Magic:  4/6        EV:  9    Int: 16    God:
Gold:   64         SH:  0    Dex:  8    Spells: 4/6 levels left

rFire   . . .        a - +0 mace
rCold   . . .        (no shield)
rNeg    . . .        b - +0 robe
rPois   .            (helmet restricted)
rElec   .            (no cloak)
rCorr   .            (gloves unavailable)
SInv    .            (boots unavailable)
Will    +....        (no amulet)
Stlth   +            (no ring)
HPRegen 0.26/turn    (no ring)
MPRegen 0.10/turn

%: no passive effects
@: brilliant, lethally poisoned (3 -> -1), enlightened, flying
A: large, unfitting armour, tough skin 1
a: no special abilities


You were on level 2 of the Dungeon.
You visited 1 branch of the dungeon, and saw 2 of its levels.

You collected 64 gold pieces.

Inventory:

Hand Weapons
 a - a +0 mace (weapon)
Missiles
 d - 7 boomerangs of dispersal (quivered)
Armour
 b - a +0 robe (worn)
Talismans
 e - a beast talisman
Scrolls
 c - a scroll of blinking
 f - 2 scrolls of identify {unknown}
 j - 4 scrolls of teleportation {unknown}
 k - 2 scrolls of enchant weapon {unknown}


   Skills:
 + Level 3.1 Fighting
 * Level 2.6 Maces & Flails
 - Level 1.0 Throwing
 - Level 2.1 Dodging
 + Level 0.3 Stealth
 + Level 2.4 Spellcasting
 * Level 3.1 Translocations


You had 4 spell levels left.
You knew the following spells:

 Your Spells              Type           Power      Damage    Failure   Level
a - Blink                 Tloc           36%        N/A       9%          2

Your spell library contained the following spells:

 Spells                   Type           Power      Damage    Failure   Level
 Lesser Beckoning         Tloc           36%        N/A       9%          2
 Teleport Other           Tloc           18%        N/A       16%         3
 Vhi's Electric Charge    Tloc/Air       20%        N/A       30%         3
 Manifold Assault         Tloc           18%        N/A       47%         4


Dungeon Overview and Level Annotations

Branches:
Dungeon (2/15)

Altars:


Innate Abilities, Weirdness & Mutations

You are too large for most types of armour.
You have tough skin. (AC +1)


Message History

Throw: dart (curare)
Press: ? - help, Shift-Dir - straight line, f - adder
Aim: an adder (26% to hit)
You throw a curare-tipped dart.
The curare-tipped dart misses the adder.
The ball python bites you but does no damage.
The adder barely misses you.
You closely miss the adder.
You feel stable enough to blink again. The ball python closely misses you.
The adder bites you. The ball python bites you.
Unknown command.
You closely miss the adder. The adder closely misses you.
The ball python completely misses you. The adder bites you.
* * * LOW HITPOINT WARNING * * *
You are poisoned.
The adder poisons you!
Unknown command.
The adder attacks as you move away! The adder bites you.
* * * LOW HITPOINT WARNING * * *
You are lethally poisoned!
The adder poisons you!
The ball python attacks as you move away!
The ball python bites you but does no damage.
* * * LOW HITPOINT WARNING * * *
You feel sick.
There is a lethal amount of poison in your body!
It was a potion of enlightenment.
You feel very buoyant.
You fly up into the air.
* * * LOW HITPOINT WARNING * * *
You feel sick. The adder bites you but does no damage.
It was a potion of brilliance.
You feel clever all of a sudden.
* * * LOW HITPOINT WARNING * * *
You feel sick. The adder bites you.
* * * LOW HITPOINT WARNING * * *
The ball python barely misses you.
Unknown command.
Are you sure you want to abandon this character and quit the game? (Confirm with "yes".)

###<.####.............
..####. ##†.##
#............. #. ##
#..## #............#
#### ##............#
#.............####
....<.....$.#....#
#.........####.######
##.....S...# #......##
#.....@S..(# ######..#
#..........# ##.#
#..........# #..
#..........# ###
#.......?..#
##........##
##......## ########


You could see an adder and a ball python.

Vanquished Creatures
  2 dart slugs (D:1)
  4 endoplasms
  2 giant cockroaches (D:1)
  3 hobgoblins (D:1)
  4 jackals (D:1)
  A quokka (D:1)
  3 ball pythons (D:1)
  3 bats (D:1)
  4 frilled lizards
  2 goblins (D:2)
  4 kobolds
  2 rats
34 creatures vanquished.

Notes
Turn   | Place    | Note
-------+----------+-------------------------------------------
     0 | D:1      | floatRand the Ogre Warper began the quest for the Orb.
     0 | D:1      | Reached XP level 1. HP: 22/22 MP: 3/3
    90 | D:1      | Found a faded altar of an unknown god.
   191 | D:1      | Reached XP level 2. HP: 29/29 MP: 5/5
   194 | D:1      | Learned a level 2 spell: Blink
   841 | D:1      | Reached XP level 3. HP: 37/37 MP: 6/6
  1468 | D:2      | Quit the game

Illustrated notes

Levels and vault maps discovered:
D:1:      lightli_molten_gateway, layout_basic,
          hellmonk_ecumenical_altar_zigzags
D:2:      layout_rooms, kennysheep_generic_room_10

Skill      XL: |  1  2 |
---------------+-------+-----
Translocations | 3 |  3.1
Maces & Flails | 2 |  2.6
Fighting       | 3 |  3.1
Throwing       | |  1.0
Dodging        | |  2.1
Stealth        | |  0.3
Spellcasting   | |  2.4

Action                     || total
---------------------------++-------
  Melee: Mace              ||   123
  Throw: Dart              ||     2
   Cast: Blink             ||     1
    Use: Potion            ||     2
 Armour: Robe              ||    59
  Dodge: Dodged            ||    67

Table legend: (Time is in decaauts)
 A = Elapsed time spent in this place.
 B = Non-inter-level travel time spent in this place.
 C = Inter-level travel time spent in this place.
 D = Time resting spent in this place.
 E = Time spent auto-exploring this place.
 F = Levels seen in this place.
 G = Mean time per level.
                   A        B        C        D        E       F      G
               +--------+--------+--------+--------+--------+-----+--------+
         Total |   1503 |   1493 |     10 |      0 |   1146 |   2 |  751.5 |
       Dungeon |   1503 |   1493 |     10 |      0 |   1146 |   2 |  751.5 |
               +--------+--------+--------+--------+--------+-----+--------+

Top non-repeatable levels by time:
     D:1: 1188 daAuts
     D:2: 314 daAuts
